 Dungeon Crawl Stone Soup version 0.25-a0-598-gc9c9e4cfe1 (webtiles) character file.

Game seed: 9149023974511850192, levelgen mode: deterministic

45 Esekla the Charlatan (level 3, -1/17 HPs)
             Began as a Spriggan Artificer on Mar 16, 2020.
             Was a Follower of Jiyva.
             Slain by a gnoll sergeant
             ... wielding a +0 trident
              (4 damage)
             ... on level 2 of the Dungeon.
             The game lasted 00:06:55 (1780 turns).

Esekla the Charlatan (Spriggan Artificer)           Turns: 1780, Time: 00:06:56

Health: -1/17      AC:  2    Str:  8    XL:     3   Next: 42%
Magic:  7/7        EV: 19    Int: 13    God:    Jiyva [*.....]
Gold:   34         SH:  0    Dex: 16    Spells: 4/4 levels left

rFire    . . .     SeeInvis +   a - +0 short sword
rCold    . . .     Gourm    .   (shield restricted)
rNeg     . . .     Faith    .   b - +0 robe
rPois    .         Spirit   .   (helmet restricted)
rElec    .         Reflect  .   (no cloak)
rCorr    .         Harm     .   (gloves unavailable)
MR       .....                  (boots unavailable)
Stlth    ++........             (no amulet)
HPRegen  0.05/turn              (no ring)
MPRegen  0.10/turn              (no ring)

@: very quick
A: very small, unfitting armour, see invisible, herbivore, speed 3, slow
metabolism 2
a: Request Jelly, Renounce Religion


You were on level 2 of the Dungeon.
You worshipped Jiyva.
Jiyva was aware of your devotion.
You were not hungry.

You visited 1 branch of the dungeon, and saw 2 of its levels.

You collected 34 gold pieces.

Inventory:

Hand Weapons
 a - a +0 short sword (weapon)
Armour
 b - a +0 robe (worn)
Wands
 c - a wand of flame (15)
 e - a wand of random effects (15)
 k - a wand of acid (11)
Scrolls
 g - a scroll of fear {unknown}
 h - 2 scrolls of identify {unknown}
 i - a scroll of enchant armour {unknown}
 j - a scroll of fog {unknown}
Potions
 d - a potion of curing {unknown}
 l - 2 potions of might {unknown}
 m - a potion of heal wounds {unknown}
Comestibles
 f - 5 rations


   Skills:
 - Level 0.7 Fighting
 * Level 2.7 Short Blades
 * Level 3.7 Dodging
 + Level 2.0 Stealth
 * Level 1.4 Spellcasting
 - Level 4.0 Evocations


You had 4 spell levels left.
You didn't know any spells.
Your spell library was empty.

Dungeon Overview and Level Annotations

Branches:
Dungeon (2/15)

Altars:
Jiyva

Annotations:
D:2 Terence


Innate Abilities, Weirdness & Mutations

You are very small and have problems with some larger weapons.
You are too small for most types of armour.
You have supernaturally acute eyesight. (SInv)
You are a herbivore.
You cover ground extremely quickly.
You need to consume almost no food.


Message History

The gnoll barely misses you.
You hit the gnoll.
You kill the gnoll!
Your Stealth skill increases to level 2!
The rat twitches its whiskers.
You hit the rat.
You kill the rat!
The gnoll hits you with a +0 spear!
Ouch! That really hurt!
* * * LOW HITPOINT WARNING * * *
You hit the gnoll.
The gnoll is moderately wounded.
The gnoll barely misses you.
You hit the gnoll.
The gnoll is heavily wounded.
The gnoll completely misses you.
You hit the gnoll.
The gnoll is severely wounded.
The gnoll sergeant hits you from afar with a +0 trident.
You die...

######## #.......
#.(..... #.......
#....... #. #...w...
##%.g#############.#....
'...ggg@........##.#####
##..S##########.##.)....
... ######.######## .
................
#######.######## .... ..
..##.# #.# ... #.# .. ..
#.# ##.#


You could see a gnoll sergeant, 2 gnolls, an adder and a hobgoblin.

Vanquished Creatures
  A gnoll (D:2)
  2 dart slugs (D:1)
  3 leopard geckos (D:1)
  4 goblins
  3 hobgoblins
  4 kobolds (D:1)
  A quokka (D:2)
  4 bats
  2 frilled lizards
  5 rats
29 creatures vanquished.

Notes
Turn   | Place    | Note
-------+----------+-------------------------------------------
     0 | D:1      | Esekla the Spriggan Artificer began the quest for the Orb.
     0 | D:1      | Reached XP level 1. HP: 9/9 MP: 4/4
   313 | D:1      | Reached XP level 2. HP: 14/14 MP: 6/6
   394 | D:1      | Reached skill level 1 in Spellcasting
  1093 | D:2      | Reached XP level 3. HP: 10/17 MP: 7/7
  1379 | D:2      | Noticed Terence
  1588 | D:2      | Found a faded altar of an unknown god.
  1673 | D:2      | Became a worshipper of Jiyva Jiggewna the Shapeless
  1673 | D:2      | Reached * piety under Jiyva
  1763 | D:2      | Noticed a gnoll sergeant
  1780 | D:2      | Slain by a gnoll sergeant

Levels and vault maps discovered:
D:1:      psy_arrival_radial02, layout_basic
D:2:      layout_basic, chequers_ecumenical_altar_simple_redux, uniq_terence

Skill      XL: |  1  2  3 |
---------------+----------+-----
Spellcasting   | 1 |  1.4
Short Blades   | 2 |  2.7
Stealth        | 2 |  2.0
Fighting       | |  0.7
Dodging        | |  3.7
Evocations     | |  4.0

Action                   || total
-------------------------++-------
Melee: Short sword       ||   111
 Stab: Sleeping          ||     4
Armor: Robe              ||    13
Dodge: Dodged            ||    82

Table legend:
 A = Non-vault XP
 B = Vault XP
 C = Vault XP percentage of total XP
 D = Non-vault monster count
 E = Vault monster count
 F = Vault count percentage of total count
                 A         B        C        D         E       F
            +---------+---------+-------+---------+---------+-------
      Total |      65 |       0 |   0.0 |      29 |       0 |   0.0
            +---------+---------+-------+---------+---------+-------
        D:1 |      39 |       0 |   0.0 |      20 |       0 |   0.0
        D:2 |      26 |       0 |   0.0 |       9 |       0 |   0.0
            +---------+---------+-------+---------+---------+-------
